 Dungeon Crawl Stone Soup version 0.29-a0-542-g075992c915 (webtiles) character file.

Game seed: 15632381660898072199

6 xian the Ducker (level 1, 0/16 HPs)
             Began as a Demonspawn Gladiator on June 4, 2022.
             Slain by a giant cockroach (2 damage)
             ... on level 1 of the Dungeon.
             The game lasted 00:00:41 (138 turns).

xian the Ducker (Demonspawn Gladiator)               Turns: 138, Time: 00:00:41

Health: 0/16       AC:  4    Str: 14    XL:     1   Next: 75%
Magic:  1/1        EV: 12    Int:  9    God:
Gold:   21         SH:  0    Dex: 14    Spells: 0/0 levels left

rFire   . . .      SeeInvis .   a - +0 long sword
rCold   . . .      Faith    .   (no shield)
rNeg    . . .      Spirit   .   b - +0 leather armour
rPois   .          Reflect  .   c - +0 helmet
rElec   .          Harm     .   (no cloak)
rCorr   .          Rampage  .   (no gloves)
Will    .....                   (no boots)
Stlth   +.........              (no amulet)
HPRegen 0.05/turn               (no ring)
MPRegen 0.07/turn               (no ring)

@: no status effects
A: no striking features
a: no special abilities


You were on level 1 of the Dungeon.
You visited 1 branch of the dungeon, and saw 1 of its levels.

You collected 21 gold pieces.

Inventory:

Hand Weapons
 a - a +0 long sword (weapon)
Missiles
 d - 3 throwing nets (quivered)
 e - a javelin
Armour
 b - a +0 leather armour (worn)
 c - a +0 helmet (worn)
Scrolls
 g - a scroll of enchant weapon
Potions
 h - a potion of haste


   Skills:
 + Level 2.1 Fighting
 + Level 2.8 Long Blades
 + Level 1.8 Throwing
 + Level 2.8 Dodging


You couldn't memorise any spells.
You didn't know any spells.
Your spell library was empty.

Dungeon Overview and Level Annotations

Branches:
Dungeon (1/15)

Altars:


Message History

Found 7 gold pieces.
You see here a +0 ring mail.
A goblin and a giant cockroach come into view.
Found 56 stones and 12 gold pieces.
The goblin shouts!
The goblin moves out of view.
You closely miss the hobgoblin. The hobgoblin closely misses you.
You barely miss the hobgoblin. The hobgoblin hits you.
You hit the hobgoblin.
The hobgoblin is moderately wounded.
The giant cockroach bites you but does no damage.
The giant cockroach closely misses you. The goblin closely misses you.
The hobgoblin misses you.
The giant cockroach bites you but does no damage.
You barely miss the goblin. The goblin misses you.
The hobgoblin hits you but does no damage.
The giant cockroach bites you but does no damage.
The goblin misses you.
The hobgoblin hits you but does no damage.
The giant cockroach bites you.
You completely miss the goblin. The giant cockroach barely misses you.
The hobgoblin hits you. The goblin closely misses you.
You hit the goblin but do no damage. The giant cockroach bites you.
The goblin hits you but does no damage. The hobgoblin hits you.
The giant cockroach bites you.
You barely miss the goblin. The goblin misses you.
The hobgoblin barely misses you. The giant cockroach closely misses you.
The goblin barely misses you. The hobgoblin closely misses you.
Unknown command.
You slash the hobgoblin!
You kill the hobgoblin!
The giant cockroach barely misses you. The goblin misses you.
The giant cockroach bites you.
* * * LOW HITPOINT WARNING * * *
The giant cockroach attacks as you move away!
The giant cockroach bites you.
* * * LOW HITPOINT WARNING * * *
The giant cockroach attacks as you move away!
The giant cockroach bites you.
You die...

#+## #...## #
##.....## #.#
##$......#
....###.........
.....(.......(..
................
#Bg....($# #
#@#.....##
..#..####.##...##
#......[..###+##
##.#####.......#
#.......#
####.......#
...........##
####........#
#.......#.#


You could see a giant cockroach and a goblin.

Vanquished Creatures
  A bat (D:1)
  A giant cockroach (D:1)
  A hobgoblin (D:1)
  A kobold (D:1)
  A frilled lizard (D:1)
5 creatures vanquished.

Notes
Turn   | Place    | Note
-------+----------+-------------------------------------------
     0 | D:1      | xian the Demonspawn Gladiator began the quest for the Orb.
     0 | D:1      | Reached XP level 1. HP: 16/16 MP: 1/1
   138 | D:1      | Slain by a giant cockroach

Illustrated notes

Levels and vault maps discovered:
D:1:      minmay_arrival_wavy_path, layout_loops_corners

Action                   || total
-------------------------++-------
Melee: Long sword        ||    27
  Use: Scroll            ||     2
Armor: Leather armour    ||    15
Dodge: Dodged            ||    36

Table legend: (Time is in decaauts)
 A = Elapsed time spent in this place.
 B = Non-inter-level travel time spent in this place.
 C = Inter-level travel time spent in this place.
 D = Time resting spent in this place.
 E = Time spent auto-exploring this place.
 F = Levels seen in this place.
 G = Mean time per level.
                   A        B        C        D        E       F      G
               +--------+--------+--------+--------+--------+-----+--------+
         Total |    145 |    145 |      0 |      0 |     55 |   1 |  145.0 |
       Dungeon |    145 |    145 |      0 |      0 |     55 |   1 |  145.0 |
               +--------+--------+--------+--------+--------+-----+--------+

Top non-repeatable levels by time:
     D:1: 145 daAuts
